 Dungeon Crawl Stone Soup version 0.26-a0-579-g3afe4966bf (webtiles) character file.

Game seed: 11903849815227669975

(classic levelgen) 3531 EnegeticOcto the Cleaver (level 9, -14/74 HPs)
             Began as a Deep Dwarf Fighter on Aug 23, 2020.
             Was a Follower of Yredelemnul.
             Demolished by a polar bear (19 damage)
             ... on level 11 of the Dungeon.
             The game lasted 00:09:09 (1920 turns).

EnegeticOcto the Cleaver (Deep Dwarf Fighter)       Turns: 1920, Time: 00:09:10

Health: -14/74     AC: 10    Str: 24    XL:     9   Next: 82%
Magic:  7/7        EV:  5    Int:  8    God:    Yredelemnul [*.....]
Gold:   121        SH:  9    Dex: 12    Spells: 8/8 levels left

rFire    . . .     SeeInvis +   a - +1 war axe
rCold    . . .     Faith    +   c - +0 kite shield
rNeg     . . .     Spirit   .   i - +0 chain mail (curse)
rPois    .         Reflect  .   o - +0 helmet
rElec    .         Harm     .   (no cloak)
rCorr    .                      (no gloves)
MR       +....                  (no boots)
Stlth    ..........             q - amulet of faith
HPRegen  0.00/turn              j - ring of see invisible
MPRegen  0.10/turn              (no ring)

@: non-regenerating
A: damage resistance, heal wounds, sense surroundings 2, no regeneration
a: Heal Wounds, Animate Remains, Renounce Religion


You were on level 11 of the Dungeon.
You worshipped Yredelemnul.
Yredelemnul was aware of your devotion.
You visited 1 branch of the dungeon, and saw 11 of its levels.

You collected 121 gold pieces.

Inventory:

Hand Weapons
 a - a +1 war axe (weapon)
Armour
 b - a +0 scale mail
 c - a +0 kite shield (worn)
 i - a cursed +0 chain mail (worn)
 o - a +0 helmet (worn)
Jewellery
 j - a ring of see invisible (left hand)
 q - an amulet of faith (around neck)
Wands
 l - a wand of paralysis (17)
Scrolls
 e - 2 scrolls of identify {@r1}
 f - a scroll of teleportation {@r3 !r}
 r - a scroll of silence
Potions
 d - a potion of might {@q3 !q}
 g - a potion of haste {@q4 !q}
 h - 3 potions of cancellation
 k - a potion of heal wounds {@q2 !q}
 m - a potion of flight
 n - 3 potions of curing {@q1 !q}
 p - a potion of magic


   Skills:
 - Level 2.6 Fighting
 * Level 13.4 Axes
 - Level 3.2 Armour
 - Level 3.2 Shields
 - Level 8.0 Invocations


You had 8 spell levels left.
You didn't know any spells.
Your spell library was empty.

Dungeon Overview and Level Annotations

Branches:
Dungeon (11/15)            Temple (0/1) D:6
   Lair: D:8-11         Orc: D:9-12

Altars:
Hepliaklqana
Qazlal
Yredelemnul

Shops:
D:9 [:


Innate Abilities, Weirdness & Mutations

You are resistant to damage.
You can heal yourself by infusing magical energy.
You passively map the area around you.
You do not regenerate.


Message History

The polar bear is heavily wounded.
The polar bear bites you but does no damage.
The polar bear claws you but does no damage.
The polar bear completely misses you.
You closely miss the polar bear.
The polar bear is heavily wounded.
You block the polar bear's attack.
The polar bear claws you but does no damage. x2
You closely miss the polar bear.
The polar bear is heavily wounded.
The polar bear bites you.
The polar bear claws you but does no damage.
You block the polar bear's attack.
You slash the polar bear!
The polar bear is almost dead.
The polar bear goes berserk!
You hit the polar bear.
The polar bear is almost dead.
The polar bear bites you. The polar bear closely misses you.
The polar bear claws you.
You hit the polar bear but do no damage.
The polar bear is almost dead.
The polar bear barely misses you. The polar bear claws you.
The polar bear claws you but does no damage.
The polar bear bites you!!
The polar bear claws you but does no damage.
You block the polar bear's attack.
You are too injured to fight recklessly!
You are too injured to fight recklessly!
You are too injured to fight recklessly!
You are too injured to fight recklessly!
You are too injured to fight recklessly!
You are too injured to fight recklessly!
You are too injured to fight recklessly!
You are too injured to fight recklessly!
You are too injured to fight recklessly!
You are too injured to fight recklessly!
You are too injured to fight recklessly!
You are too injured to fight recklessly!
You are too injured to fight recklessly!
You are too injured to fight recklessly!
You are too injured to fight recklessly!
You are too injured to fight recklessly!
You are too injured to fight recklessly!
You are too injured to fight recklessly!
You are too injured to fight recklessly!
You hit the polar bear but do no damage.
The polar bear is almost dead.
The polar bear barely misses you.
The polar bear claws you but does no damage.
The polar bear claws you.
You feel much better. The polar bear barely misses you.
The polar bear claws you. You block the polar bear's attack.
The polar bear bites you. The polar bear claws you.
You block the polar bear's attack.
You hit the polar bear but do no damage.
The polar bear is almost dead.
The polar bear bites you!!
The polar bear claws you but does no damage.
The polar bear barely misses you.
You hit the polar bear but do no damage.
The polar bear is almost dead.
You block the polar bear's attack.
The polar bear claws you but does no damage. x2
You hit the polar bear.
The polar bear is almost dead.
The polar bear bites you!!
* * * LOW HITPOINT WARNING * * *
The polar bear claws you but does no damage. x2
The polar bear bites you!
* * * LOW HITPOINT WARNING * * *
The polar bear claws you. x2
You hit the polar bear but do no damage.
The polar bear is almost dead.
The polar bear barely misses you. You block the polar bear's attack.
The polar bear claws you but does no damage.
Your magical essence is drained by the effort!
You feel much better. The polar bear bites you!
You block the polar bear's attack.
The polar bear claws you but does no damage.
Your magical essence is drained by the effort!
You feel much better. The polar bear bites you!
The polar bear claws you but does no damage.
The polar bear claws you. You block the polar bear's attack.
The polar bear claws you.
The polar bear claws you but does no damage.
You hit the polar bear but do no damage.
The polar bear is almost dead.
The polar bear bites you!! You block the polar bear's attack.
The polar bear claws you.
* * * LOW HITPOINT WARNING * * *
You hit the polar bear.
The polar bear is almost dead.
The polar bear bites you!!
* * * LOW HITPOINT WARNING * * *
You block the polar bear's attack. The polar bear claws you.
* * * LOW HITPOINT WARNING * * *
The polar bear bites you!!
You die...
Your body rises from the dead as a mindless zombie.

, *
#...'.....# *
* * ^ *
#.[.'.....# *
* * , *
#...h.....#*,
,,,, , *
#hY.#..h..# ,
* , ,, *
###hh.#h.Y..#
, * , ,, ,
#.#.hh#######
, , ,
####.hH†## *,
*
#.<..##h####
#.#####Hh@.#
#..* ####.#
### ... *
###.. , ##* ,
, , , , , ,


You could see a manticore, 2 polar bears, a hippogriff and a black bear.

Vanquished Creatures
  A two-headed ogre (D:9)
  Pikel (D:7)
  A polar bear (D:11)
  A hippogriff (D:11)
  A vampire (D:10)
  A wyvern (D:10)
  Menkaure (D:4)
  3 sky beasts
  A black bear (D:10)
  An ogre (D:6)
  A centaur (D:8)
  A lemure (D:7)
  A big kobold (D:8)
  2 bullfrogs
  A scorpion (D:7)
  6 killer bees (D:9)
  A centaur zombie (D:5)
  3 hounds
  An orc priest (D:7)
  A bullfrog skeleton (D:8)
  A jelly (D:8)
  5 orc wizards
  Terence (D:2)
  4 worker ants
  2 adders
  2 adder skeletons
  An adder zombie (D:6)
  A worm (D:2)
  2 dart slugs (D:2)
  2 leopard geckos
  9 orcs
  2 ball pythons
  3 bats (D:2)
  2 giant cockroaches (D:3)
  3 goblins
  4 hobgoblins
  3 quokkas
  A ball python zombie (D:6)
  2 jackal skeletons
  5 kobolds
  5 rats
  A spectral orc (D:6)
91 creatures vanquished.

Notes
Turn   | Place    | Note
-------+----------+-------------------------------------------
     0 | D:1      | EnegeticOcto the Deep Dwarf Fighter began the quest for the
                  | Orb.
     0 | D:1      | Reached XP level 1. HP: 20/20 MP: 1/1
   111 | D:2      | Noticed Terence
   118 | D:2      | Reached skill level 3 in Axes
   118 | D:2      | Reached XP level 2. HP: 22/27 MP: 2/2
   135 | D:2      | Killed Terence
   135 | D:2      | Reached skill level 4 in Axes
   135 | D:2      | Reached XP level 3. HP: 30/33 MP: 3/3
   315 | D:3      | Found a hazy altar of Hepliaklqana.
   336 | D:3      | Reached skill level 5 in Axes
   336 | D:3      | Reached XP level 4. HP: 30/40 MP: 4/4
   365 | D:3      | Your magical essence is drained by the effort!
   394 | D:4      | Found a stormy altar of Qazlal.
   405 | D:4      | Reached XP level 5. HP: 40/46 MP: 4/4
   496 | D:5      | Entered Level 5 of the Dungeon
   506 | D:5      | Reached skill level 6 in Axes
   577 | D:5      | Reached skill level 7 in Axes
   577 | D:5      | Reached XP level 6. HP: 44/55 MP: 5/5
   721 | D:4      | Noticed Menkaure
   734 | D:4      | Killed Menkaure
   734 | D:4      | Reached skill level 8 in Axes
   943 | D:6      | Found a basalt altar of Yredelemnul.
   949 | D:6      | Reached XP level 7. HP: 56/61 MP: 6/6
   959 | D:6      | Became a worshipper of Yredelemnul the Dark
  1080 | D:6      | Found a staircase to the Ecumenical Temple.
  1112 | D:6      | Reached skill level 9 in Axes
  1112 | D:6      | Reached skill level 1 in Invocations
  1138 | D:7      | Reached skill level 2 in Invocations
  1264 | D:7      | Noticed Pikel
  1307 | D:7      | Killed Pikel
  1307 | D:7      | Reached skill level 10 in Axes
  1307 | D:7      | Reached skill level 4 in Invocations
  1307 | D:7      | Reached XP level 8. HP: 60/68 MP: 7/10
  1383 | D:7      | Reached skill level 5 in Invocations
  1518 | D:8      | Reached skill level 11 in Axes
  1594 | D:8      | Reached * piety under Yredelemnul
  1601 | D:8      | Reached skill level 6 in Invocations
  1641 | D:9      | Noticed a two-headed ogre
  1658 | D:9      | Your magical essence is drained by the effort!
  1677 | D:9      | Killed a two-headed ogre
  1677 | D:9      | Reached skill level 12 in Axes
  1677 | D:9      | Reached skill level 7 in Invocations
  1677 | D:9      | Gained mutation: You passively map the area around you.
                  | [Deep Dwarf growth]
  1677 | D:9      | Reached XP level 9. HP: 57/74 MP: 10/12
  1723 | D:9      | Found Dugaf's Book Emporium.
  1739 | D:9      | Found Ugof's Antique Armour Emporium.
  1755 | D:10     | Entered Level 10 of the Dungeon
  1787 | D:10     | Your magical essence is drained by the effort!
  1793 | D:10     | Reached skill level 8 in Invocations
  1794 | D:10     | Your magical essence is drained by the effort!
  1860 | D:11     | Found a huge runed translucent gate.
  1860 | D:11     | Noticed a manticore
  1861 | D:11     | Noticed a polar bear
  1861 | D:11     | Noticed a polar bear
  1861 | D:11     | Noticed a polar bear
  1862 | D:11     | Found a huge runed translucent gate.
  1862 | D:11     | Found a huge runed translucent gate.
  1862 | D:11     | Found a huge runed translucent gate.
  1862 | D:11     | Noticed a polar bear
  1863 | D:11     | Noticed a polar bear
  1871 | D:11     | Your magical essence is drained by the effort!
  1872 | D:11     | Your magical essence is drained by the effort!
  1877 | D:11     | Reached skill level 13 in Axes
  1898 | D:11     | Killed a polar bear
  1917 | D:11     | Your magical essence is drained by the effort!
  1918 | D:11     | Your magical essence is drained by the effort!
  1920 | D:11     | Demolished by a polar bear

Illustrated notes

Levels and vault maps discovered:
D:1:      giann_forest_graveyard, layout_basic, supply_closet_lemuel
D:2:      layout_rooms, uniq_terence, uniq_natasha
D:3:      layout_basic, lemuel_crystal_altar, old_standard_altar, tgw_trog,
          nicolae_overflow_hidden_temple, xom_teletrap_fun
D:4:      layout_basic, grunt_qazlal_sundering, uniq_menkaure
D:5:      layout_loops_ring, gammafunk_ghost_nasty_kobolds, serial_shops,
          kennysheep_mini_moat
D:6:      layout_loops_corners, yredelemnul_forgotten_temple_becter,
          makhleb_grotto_becter, minmay_temple_entry_steel_oval,
          item_on_display_a
D:7:      layout_basic, serial_rivers, chequers_serial_rivers_small_a,
          chequers_serial_rivers_room_a, chequers_serial_rivers_room_a,
          chequers_serial_rivers_micro_d, uniq_pikel
D:8:      layout_basic, lemuel_round_altar, zin_treasury, lair_entry_dummy,
          small_statue_intersection, patterned_corridor
D:9:      layout_loops_ring, kennysheep_little_box, lemuel_round_altar,
          minitemple, serial_shops, shop, nicolae_shop_window_shopping,
          basic_altar
D:10:     layout_basic, basic_altar, uniq_snorg, uniq_erolcha, uniq_gastronok
D:11:     lemuel_bear_cage, layout_rooms, orc_0_dummy, uniq_harold, uniq_sonja

Skill      XL: |  1  2  3  4  5  6  7  8  9 |
---------------+----------------------------+-----
Axes           | 3 4 5 7 8 10 12 13 | 13.4
Invocations    | 4 7 8 |  8.0
Fighting       | |  2.6
Armour         | |  3.2
Shields        | |  3.2

Action                   |  1- 3 |  4- 6 |  7- 9 || total
-------------------------+-------+-------+-------++-------
Melee: War axe           |    57 |   100 |   278 ||   435
 Abil: Heal Wounds       |     1 |     4 |    27 ||    32
Evoke: Wand              |       |       |     1 ||     1
  Use: Scroll            |       |     4 |     5 ||     9
 Stab: Paralysed         |       |       |     2 ||     2
Armor: Scale mail        |    28 |       |       ||    28
       Chain mail        |    24 |    63 |   199 ||   286
Dodge: Dodged            |    33 |    25 |    82 ||   140
Block: Kite shield       |    39 |    48 |   183 ||   270

Table legend: (Time is in decaauts)
 A = Elapsed time spent in this place.
 B = Non-inter-level travel time spent in this place.
 C = Inter-level travel time spent in this place.
 D = Time resting spent in this place.
 E = Time spent auto-exploring this place.
 F = Levels seen in this place.
 G = Mean time per level.
                   A        B        C        D        E       F      G
               +--------+--------+--------+--------+--------+-----+--------+
         Total |   1977 |   1915 |     62 |      0 |      0 |  11 |  179.7 |
       Dungeon |   1977 |   1915 |     62 |      0 |      0 |  11 |  179.7 |
               +--------+--------+--------+--------+--------+-----+--------+

Top non-repeatable levels by time:
     D:4: 370 daAuts
     D:7: 295 daAuts
     D:6: 257 daAuts
     D:3: 201 daAuts
     D:8: 192 daAuts
     D:9: 150 daAuts
     D:5: 137 daAuts
     D:1: 114 daAuts
    D:10: 101 daAuts
     D:2: 98 daAuts
    D:11: 57 daAuts
